 Dungeon Crawl Stone Soup version 0.27-a0-1378-gdefffd1ff6 (webtiles) character file.

Game seed: 9202905934431385306

3796 dickylongcocking the Fighter (level 10, -12/81 HPs)
             Began as a Djinni Wanderer on June 30, 2021.
             Mangled by Harold (18 damage)
             ... on level 8 of the Dungeon.
             The game lasted 00:13:13 (12748 turns).

dickylongcocking the Fighter (Djinni Wanderer)     Turns: 12748, Time: 00:13:14

Health: -12/81     AC:  7    Str: 12    XL:     10   Next: 39%
Gold:   31         EV: 11    Int: 17    God:
                   SH: 10    Dex: 12

rFire    + + .     SeeInvis .   q - +4 rapier (antimagic)
rCold    x . .     Faith    .   k - +0 buckler
rNeg     . . .     Spirit   .   o - +0 leather armour
rPois    ∞         Reflect  +   m - +0 helmet
rElec    .         Harm     .   w - +0 cloak
rCorr    .         Rampage  .   h - +1 pair of gloves {archery}
Will     ++...                  (boots unavailable)
Stlth    ++........             x - amulet of reflection
HPRegen  0.23/turn              (no ring)
MPRegen  0.00/turn              (no ring)

@: freezing walls, flying
A: sickness immunity, fire resistance 2, cold vulnerability 1, float, innate
caster, hp casting, extra vitality 1, strong-willed 1
a: no special abilities


You were on level 8 of the Dungeon.
You visited 1 branch of the dungeon, and saw 8 of its levels.

You collected 386 gold pieces.
You spent 355 gold pieces at shops.

Inventory:

Hand Weapons
 a - a +2 hand axe
 d - a +1 dagger of venom
 q - a +4 antimagic rapier (weapon)
Missiles
 s - 3 curare-tipped darts
 y - 3 atropa-tipped darts
Armour
 b - a +0 robe
 h - a +1 pair of gloves of archery (worn)
 k - a +0 buckler (worn)
 l - a +0 pair of gloves
 m - a +0 helmet (worn)
 o - a +0 leather armour (worn)
 w - a +0 cloak (worn)
Jewellery
 v - a +6 ring of dexterity
 x - an amulet of reflection (around neck)
 z - a +6 ring of strength
Wands
 p - a wand of flame (44)
 t - a wand of iceblast (9)
Scrolls
 c - 3 scrolls of teleportation
 e - a scroll of magic mapping
 g - 5 scrolls of identify
 i - a scroll of enchant armour
 j - 2 scrolls of blinking
 n - 3 scrolls of vulnerability
 r - 2 scrolls of immolation
 A - a scroll of summoning
Potions
 u - a potion of mutation
 B - 2 potions of haste
 C - a potion of might


   Skills:
 * Level 10.5 Fighting
 - Level 2.2 Short Blades
 - Level 2.9 Axes
 - Level 1.0 Throwing
 - Level 1.3 Armour
 - Level 1.4 Dodging
 - Level 2.1 Stealth
 * Level 4.3 Shields
 * Level 6.7 Spellcasting


You had 4 spell levels left.
You knew the following spells:

 Your Spells              Type           Power      Damage    Failure   Level
a - Freeze                Ice            100%       1d11      1%          1
b - Frozen Ramparts       Ice            56%        1d7       2%          3
c - Pain                  Necr           100%       1d9       1%          1
d - Vampiric Draining     Necr           14%        2d8       2%          3
e - Sting                 Tmut/Pois      100%       1d8       1%          1
f - Static Discharge      Conj/Air       28%        N/A       1%          2
g - Lesser Beckoning      Tloc           14%        N/A       2%          3
h - Airstrike             Air            14%        N/A       10%         4

Your spell library contained the following spells:

 Spells                   Type           Power      Damage    Failure   Level


Dungeon Overview and Level Annotations

Branches:
Dungeon (8/15)             Temple (0/1) D:7
   Lair: D:8-11

Altars:
Ashenzari
Nemelex Xobeh

Shops:
D:1 *?!**   D:4 [[!??   D:5 :!=   D:7 *

Annotations:
D:8 Harold, Joseph


Innate Abilities, Weirdness & Mutations

You are immune to sickness and miasma.
You are immune to poison.
Your flesh is very heat resistant. (rF++)
You are vulnerable to cold. (rC-)
You float through the air rather than walking.
You learn spells naturally, not from books.
Your magical power is your life essence.
You have superior vitality. (+4 HP)
You are strong-willed. (Will+)


Message History

Aim: Harold, wielding a +0 mace, wearing a +0 ring mail and quivering 2 throwing nets (moderately wounded, poisoned, 87% to hit)
The sting hits Harold.
Harold looks even sicker.
Harold is heavily wounded.
The wall freezes something.
A sling bullet appears from out of thin air!
The sling bullet hits you!
The wall freezes Harold.
Unknown command.
Unknown command.
Unknown command.
Okay, then.
Okay, then.
Casting: Sting (safe; 1% risk of failure)
Confirm with . or Enter, or press ? or * to list all spells.
Okay, then.
Casting: Sting (safe; 1% risk of failure)
Confirm with . or Enter, or press ? or * to list all spells.
Harold is struck by an arc of lightning!
Harold is heavily wounded.
Something is struck by an arc of lightning.
The lightning grounds out.
* * * LOW HITPOINT WARNING * * *
The wall freezes something.
A sling bullet appears from out of thin air!
The sling bullet hits you!
* * * LOW HITPOINT WARNING * * *
The wall freezes Harold.
You block Harold's attack.
Unknown command.
Unknown command.
Unknown command.
Press: ? - help, v - describe, . - travel, g - get item
Here: Harold, wielding a +0 mace, wearing a +0 ring mail and quivering 2 throwing nets (severely wounded, very poisoned)
Items here: +0 steam dragon scales; a steam dragon corpse.
The floor.
Unknown command.
You feel better.
The wall freezes something.
A sling bullet appears from out of thin air!
The sling bullet hits you!
* * * LOW HITPOINT WARNING * * *
The wall freezes Harold!
Harold hits you with a +0 mace!!
You die...

..... .... .. ..# ...
..##.. .... ...#.. ##..
...... #... ...... ##
##{.# ...... #...# ##.@#
...... ... ##.@.# ..#
.....# ##.# #...##....
.....####..###..........
.....#.##...#.......##..
#..............##......
#.............####......
#..........†..........##
..(....##.............#
......##............###


You could see Harold (very poisoned).

Vanquished Creatures
  Pikel (D:8)
  Grinder (D:3)
  3 vampire mosquitoes (D:7)
  2 steam dragons
  A water moccasin (D:6)
  2 ice beasts
  An orc warrior (D:7)
  A black bear (D:5)
  2 sky beasts
  2 necrophages
  An ogre (D:5)
  3 bullfrogs
  4 scorpions
  A wyvern skeleton (D:7)
  A water moccasin zombie (D:6)
  4 wights (D:7)
  A centaur zombie (D:5)
  A bullfrog zombie (D:5)
  2 jellies
  5 hounds
  An orc priest (D:5)
  A centaur skeleton (D:5)
  Natasha (thrice) (D:2)
  6 iguanas
  3 orc wizards
  A hound skeleton (D:5)
  A howler monkey zombie (D:6)
  11 adders
  2 shadow imps
  2 ufetubi (D:5)
  7 worms
  4 dart slugs
  19 orcs
  4 bats
  9 endoplasms
  4 giant cockroaches
  10 goblins
  6 hobgoblins
  3 jackals
  5 quokkas
  4 ball pythons
  4 frilled lizards
  9 kobolds
  6 rats
164 creatures vanquished.

Notes
Turn   | Place    | Note
-------+----------+-------------------------------------------
     0 | D:1      | dickylongcocking the Djinni Wanderer began the quest for
                  | the Orb.
     0 | D:1      | Reached XP level 1. HP: 15/15 MP: 0/0
    33 | D:1      | Found Mekulaer's Magic Scroll Boutique.
    52 | D:1      | Found Okkomu's Distillery.
   318 | D:1      | Reached XP level 2. HP: 21/21 MP: 0/0
   347 | D:1      | Found a faded altar of an unknown god.
   361 | D:1      | Found Uhagru's Assorted Antiques.
   536 | D:1      | Found Olian's Assorted Antiques.
   880 | D:1      | Found Zioc Fal's Assorted Antiques.
   890 | D:1      | Reached XP level 3. HP: 18/25 MP: 0/0
   890 | D:1      | Learned a level 1 spell: Sting
  1728 | D:2      | Reached XP level 4. HP: 20/31 MP: 0/0
  2364 | D:2      | Found a broken altar of Ashenzari.
  2487 | D:2      | Noticed Natasha
  2493 | D:2      | Killed Natasha
  2494 | D:2      | Reached skill level 5 in Spellcasting
  2710 | D:2      | Noticed Natasha
  2714 | D:2      | Killed Natasha
  2715 | D:2      | Reached XP level 5. HP: 8/35 MP: 0/0
  2715 | D:2      | Learned a level 2 spell: Static Discharge
  2879 | D:2      | Noticed Natasha
  2881 | D:2      | Killed Natasha
  2882 | D:2      | Reached skill level 1 in Dodging
  3701 | D:3      | Noticed Grinder
  3703 | D:3      | Paralysed by Grinder for 5 turns
  3718 | D:3      | Gained mutation: You are strong-willed. (Will+) [potion of
                  | mutation]
  3728 | D:3      | Killed Grinder
  3729 | D:3      | Reached skill level 1 in Armour
  3729 | D:3      | Reached XP level 6. HP: 4/41 MP: 0/0
  4275 | D:3      | Reached XP level 7. HP: 46/46 MP: 0/0
  4275 | D:3      | Learned a level 3 spell: Lesser Beckoning
  5060 | D:3      | Reached skill level 1 in Fighting
  5759 | D:4      | Found Cuujuing's Magic Scroll Shoppe.
  5868 | D:4      | Reached skill level 1 in Short Blades
  5877 | D:4      | Found Uwydiygeo's Distillery.
  5942 | D:4      | Reached skill level 2 in Fighting
  6156 | D:4      | Found Kipn's Magic Scroll Shop.
  6182 | D:4      | Bought a scroll of blinking for 105 gold pieces
  6278 | D:4      | Found Wuez's Antique Armour Boutique.
  6448 | D:4      | Found Biuleb's Armour Boutique.
  6696 | D:5      | Entered Level 5 of the Dungeon
  6696 | D:5      | Found Makliama's Jewellery Shop.
  6901 | D:5      | Reached XP level 8. HP: 53/55 MP: 0/0
  6920 | D:5      | Reached skill level 3 in Fighting
  7164 | D:5      | Reached skill level 4 in Fighting
  7349 | D:5      | Reached skill level 5 in Fighting
  7368 | D:5      | Found Xahacicucs's Distillery.
  7720 | D:5      | Found Yfamuyl's Book Shop.
  8018 | D:5      | Reached skill level 6 in Fighting
  8600 | D:5      | Reached skill level 7 in Fighting
  8600 | D:5      | Reached XP level 9. HP: 62/68 MP: 0/0
  8600 | D:5      | Learned a level 4 spell: Airstrike
  8997 | D:5      | Bought a potion of heal wounds for 55 gold pieces
  9284 | D:6      | Reached skill level 8 in Fighting
 10208 | D:7      | Reached skill level 9 in Fighting
 10615 | D:7      | Reached skill level 1 in Shields
 11287 | D:7      | Reached skill level 10 in Fighting
 11357 | D:7      | Reached XP level 10. HP: 60/80 MP: 0/0
 11903 | D:7      | Found a staircase to the Ecumenical Temple.
 11934 | D:7      | Found Tumecyo's CLEARANCE SALE! EVERYTHING MUST GO!.
 11946 | D:7      | Bought a scroll of enchant weapon for 45 gold pieces
 12115 | D:4      | Bought a pair of runed gloves for 150 gold pieces
 12295 | D:7      | Found a sparkling altar of Nemelex Xobeh.
 12435 | D:8      | Noticed Pikel
 12448 | D:8      | Killed Pikel
 12736 | D:8      | Noticed Joseph
 12737 | D:8      | Noticed Harold
 12748 | D:8      | Mangled by Harold

Illustrated notes

Levels and vault maps discovered:
D:1:      dpeg_arrival_round_b, layout_rooms, basic_ecumenical_altar,
          serial_shops, nicolae_shop_stone, shop_fountains, shop,
          nicolae_shop_waterfront, shop
D:2:      layout_basic, basic_altar, uniq_natasha
D:3:      kb_forest_paths, layout_loops_corners, uniq_grinder
D:4:      layout_basic, serial_shops, shop, nicolae_shop_window_shopping,
          nicolae_shop_stone, shop, shop
D:5:      minmay_razor_zed, layout_loops_ring, cheibrodos_sewer_entry_bend,
          serial_shops, nicolae_stop_n_shop_2, nicolae_shop_crystal, shop,
          minmay_diced_spiral
D:6:      layout_rooms
D:7:      layout_loops_ring, nemelex_spade_bored_becter,
          minmay_temple_entry_grid, nicolae_shop_clearance
D:8:      layout_cave_pools, uniq_joseph, uniq_pikel, uniq_harold

Skill      XL: |  1  2  3  4  5  6  7  8  9 10 |
---------------+-------------------------------+-----
Spellcasting   | 5 6 |  6.7
Dodging        | 1 |  1.4
Armour         | 1 |  1.3
Fighting       | 2 7 10 | 10.5
Short Blades   | 2 |  2.2
Stealth        | 2 |  2.1
Shields        | 2 4 |  4.3
Axes           | |  2.9
Throwing       | |  1.0

Action                   |  1- 3 |  4- 6 |  7- 9 | 10-12 || total
-------------------------+-------+-------+-------+-------++-------
Melee: Hand axe          |     7 |     7 |       |       ||    14
       Rapier            |       |    45 |   180 |    21 ||   246
       Dagger            |       |       |     5 |       ||     5
 Cast: Freeze            |    17 |    11 |    15 |     7 ||    50
       Pain              |    26 |    24 |       |       ||    50
       Sting             |       |     6 |    30 |     2 ||    38
       Frozen Ramparts   |       |     5 |     6 |     1 ||    12
       Vampiric Draining |       |       |    23 |       ||    23
       Static Discharge  |       |       |    17 |     2 ||    19
       Airstrike         |       |       |    40 |     8 ||    48
  Use: Potion            |       |     5 |     1 |     1 ||     7
       Scroll            |       |       |     9 |     5 ||    14
 Stab: Sleeping          |       |       |     3 |       ||     3
Armor: Robe              |     2 |     5 |       |       ||     7
       Leather armour    |       |    26 |   106 |     9 ||   141
Dodge: Dodged            |    18 |    45 |   180 |    17 ||   260
Block: Other             |       |       |    11 |       ||    11
       Buckler           |       |       |     7 |    18 ||    25
       Reflection        |       |       |       |     1 ||     1

Table legend: (Time is in decaauts)
 A = Elapsed time spent in this place.
 B = Non-inter-level travel time spent in this place.
 C = Inter-level travel time spent in this place.
 D = Time resting spent in this place.
 E = Time spent auto-exploring this place.
 F = Levels seen in this place.
 G = Mean time per level.
                   A        B        C        D        E       F      G
               +--------+--------+--------+--------+--------+-----+--------+
         Total |  12786 |  12012 |    774 |   1277 |   9378 |   8 | 1598.2 |
       Dungeon |  12786 |  12012 |    774 |   1277 |   9378 |   8 | 1598.2 |
               +--------+--------+--------+--------+--------+-----+--------+

Top non-repeatable levels by time:
     D:5: 2402 daAuts
     D:2: 2341 daAuts
     D:3: 2156 daAuts
     D:7: 1761 daAuts
     D:6: 1424 daAuts
     D:1: 1262 daAuts
     D:4: 1122 daAuts
     D:8: 314 daAuts
